 Dungeon Crawl Stone Soup version 0.26-a0-859-gf57989e088 (console) character file.

Game seed: 15395330004461235179

7301 Ignak the Covert (level 11, -8/72 HPs)
             Began as an Octopode Venom Mage on Nov 25, 2020.
             Was a Believer of Sif Muna.
             Killed from afar by UristMcRaven's ghost (41 damage)
             ... with a stone arrow
             ... on level 11 of the Dungeon.
             The game lasted 00:45:22 (17476 turns).

Ignak the Covert (Octopode Venom Mage)             Turns: 17476, Time: 00:45:23

Health: -8/72      AC:  1    Str:  7    XL:     11   Next: 13%
Magic:  27/28      EV: 17    Int: 21    God:    Sif Muna [**....]
Gold:   304        SH:  6    Dex: 13    Spells: 2/21 levels left

rFire    + . .     SeeInvis +   a - +0 rapier (venom)
rCold    + . .     Faith    .   w - +1 buckler
rNeg     . . .     Spirit   .   (helmet restricted)
rPois    .         Reflect  .   (no amulet)
rElec    .         Harm     .   d - ring of see invisible
rCorr    .         Rampage  .   h - ring of magical power
MR       +....                  v - ring of flight
Stlth    ++++++....             k - ring of protection from fire
HPRegen  0.22/turn              m - ring of protection from cold
MPRegen  0.21/turn              q - ring of protection from magic
                                E - ring of stealth
                                (no ring)

@: confusing touch
A: almost no armour, stealthy swim, amphibious, 8 rings, constrict 8, camouflage
1, wild magic 1, gelatinous body 1
a: Channel Magic, Renounce Religion, Evoke Flight


You were on level 11 of the Dungeon.
You worshipped Sif Muna.
Sif Muna was pleased with you.
You visited 2 branches of the dungeon, and saw 12 of its levels.

You collected 614 gold pieces.
You spent 310 gold pieces at shops.

Inventory:

Hand Weapons
 a - a +0 rapier of venom (weapon)
 b - a +0 vorpal great sword
Missiles
 g - 7 curare-tipped darts (quivered)
 i - 22 poisoned darts
 y - 14 silver boomerangs
Armour
 w - a +1 buckler (worn)
Jewellery
 d - a ring of see invisible (left tentacle)
 h - a ring of magical power (right tentacle)
 k - a ring of protection from fire (on tentacle)
 m - a ring of protection from cold (on tentacle)
 q - a ring of protection from magic (on tentacle)
 v - a ring of flight (on tentacle)
 E - a ring of stealth (on tentacle)
Wands
 f - a wand of random effects (22)
 j - a wand of disintegration (11)
 n - a wand of enslavement (3)
 r - a wand of iceblast (5)
 x - a wand of flame (12)
Scrolls
 c - 9 scrolls of remove curse
 e - 2 scrolls of amnesia
 t - 3 scrolls of immolation
 u - a scroll of teleportation
 A - a scroll of fear
 C - a scroll of magic mapping
 F - a scroll of fog
Potions
 l - a potion of might
 o - 2 potions of heal wounds
 p - 2 potions of berserk rage
 s - 3 potions of curing
 B - 2 potions of flight
Miscellaneous
 z - a lightning rod (3/4)


   Skills:
 + Level 5.5 Fighting
 + Level 4.6 Short Blades
 * Level 7.9 Dodging
 + Level 9.8 Stealth
 - Level 4.0 Shields
 - Level 1.0 Unarmed Combat
 + Level 5.5 Spellcasting
 - Level 2.2 Conjurations
 + Level 5.6 Hexes
 - Level 1.2 Transmutations
 + Level 7.7 Poison Magic


You had 2 spell levels left.
You knew the following spells:

 Your Spells              Type           Power        Failure   Level
a - Sting                 Tmut/Pois      ####         3%          1
b - Confusing Touch       Hex            #####...     5%          3
c - Ensorcelled Hibernat  Hex/Ice        ###...       8%          2
d - Mephitic Cloud        Conj/Pois/Air  ####....     12%         3
e - Ignite Poison         Fire/Tmut/Pois ###.....     13%         3
f - Spider Form           Tmut/Pois      ####......   8%          3
z - Olgreb's Toxic Radia  Pois           #####...     7%          4

Your spell library contained the following spells:

 Spells                   Type           Power        Failure   Level
 Corona                   Hex            #####..      2%          1
 Poisonous Vapours        Pois/Air       ####..       5%          2
 Beastly Appendage        Tmut           ##....       10%         1
 Wereblood                Tmut           ##......     14%         2
 Animate Skeleton         Necr           #.....       16%         1
 Apportation              Tloc           #.....       16%         1
 Sandblast                Erth           #.....       16%         1
 Summon Small Mammal      Summ           #...         16%         1
 Passwall                 Tmut/Erth      ##......     17%         2
 Tukima's Dance           Hex            #####...     5%          3
 Dazzling Flash           Conj/Hex       ####..       10%         3
 Stone Arrow              Conj/Erth      ##....       26%         3
 Gell's Gravitas          Tloc           #.........   38%         3
 Yara's Violent Unravell  Hex/Tmut       ####......   65%         5
 Ice Form                 Ice/Tmut       ##......     69%         4
 Petrify                  Tmut/Erth      ##......     69%         4
 Metabolic Englaciation   Hex/Ice        ###.......   73%         5
 Blade Hands              Tmut           ##........   90%         5
 Lee's Rapid Deconstruct  Erth           #.........   98%         5


Dungeon Overview and Level Annotations

Branches:
Dungeon (11/15)            Temple (1/1) D:7
   Lair: D:8-11         Orc: D:9-12

Altars:
Cheibriados
Dithmenos
Elyvilon
Fedhas
Hepliaklqana
Kikubaaqudgha
Makhleb
Nemelex Xobeh
Okawaru
Ru
Sif Muna
Uskayaw
Vehumet
Wu Jian
Yredelemnul
Zin

Shops:
D:4 *   D:9 !   D:10 [

Annotations:
D:8 2 transporters, kutty's ghost, novice MiMo
D:11 UristMcRaven's ghost, journeyman OpEE


Innate Abilities, Weirdness & Mutations

You cannot wear most types of armour.
You are very stealthy in the water. (Stealth+)
You are amphibious.
You can wear up to eight rings at the same time.
You can use your tentacles to constrict eight enemies at once.
Your skin changes colour to match your surroundings (Stealth+).
Your rubbery body absorbs attacks. (AC +1, EV +1)
Your spells are a little harder to cast, but a little more powerful.


Message History

You closely miss UristMcRaven's ghost.
Your squeeze misses UristMcRaven's ghost.
You block UristMcRaven's ghost's attack.
You hit UristMcRaven's ghost but do no damage.
UristMcRaven's ghost stares at you and mumbles some strange words.
The blast of sand misses you.
You closely miss UristMcRaven's ghost.
You squeeze UristMcRaven's ghost, but do no damage.
UristMcRaven's ghost hits you!
You hit UristMcRaven's ghost but do no damage.
UristMcRaven's ghost hits you!
You hit UristMcRaven's ghost but do no damage.
UristMcRaven's ghost hits you!
You miss UristMcRaven's ghost.
You block UristMcRaven's ghost's attack.
You miss UristMcRaven's ghost.
UristMcRaven's ghost stares at you and mumbles some strange words.
The stone arrow hits you!!!
Ouch! That really hurt!
You die...

+...'.......#
...
#####.......#
...
#.........#
....
#.######....
..... #.#
....
....###.####
.. #.......#
###'''###
#.(@$..(#
#..W.♣..#
#..(....#
#.....((#
#.(.)...#
#########


You could see UristMcRaven's ghost.

Vanquished Creatures
  A two-headed ogre (D:9)
  A centaur zombie (D:10)
  A gargoyle (D:10)
  2 trolls (D:9)
  3 yaks (D:10)
  A wyvern (D:8)
  Menkaure (D:5)
  A water moccasin (D:8)
  2 ice beasts
  3 orc warriors
  2 black bears
  An eye of draining (D:10)
  2 phantoms
  8 ogres
  9 centaurs
  Blork the orc (D:4)
  A big kobold (D:9)
  A wyvern zombie (D:7)
  9 bullfrogs
  5 scorpions
  3 wights (D:9)
  6 killer bees (D:9)
  2 howler monkeys (D:10)
  4 orc priests
  2 bullfrog skeletons
  5 hounds
  A jelly (D:4)
  A quasit (D:10)
  5 orc wizards
  A worker ant (D:4)
  6 iguanas
  A killer bee zombie (D:9)
  A hound skeleton (D:4)
  A worker ant zombie (D:8)
  A howler monkey skeleton (D:6)
  16 adders
  2 shadow imps (D:6)
  2 white imps
  An ufetubus (D:8)
  3 adder zombies
  An adder skeleton (D:4)
  3 dart slugs
  4 leopard geckos
  42 orcs
  4 giant cockroaches
  6 goblins
  12 hobgoblins
  2 jackals (D:2)
  4 quokkas
  A ball python (D:3)
  10 bats
  4 frilled lizards
  10 kobolds
  A quokka zombie (D:5)
  3 rats
226 creatures vanquished.

Vanquished Creatures (others)
  3 plants
3 creatures vanquished.

Grand Total: 229 creatures vanquished

Notes
Turn   | Place    | Note
-------+----------+-------------------------------------------
     0 | D:1      | Ignak the Octopode Venom Mage began the quest for the Orb.
     0 | D:1      | Reached XP level 1. HP: 11/11 MP: 3/3
   163 | D:1      | Reached XP level 2. HP: 17/17 MP: 1/5
   679 | D:1      | Reached skill level 3 in Stealth
   795 | D:2      | Reached XP level 3. HP: 21/21 MP: 6/6
   811 | D:2      | Found a faded altar of an unknown god.
  1008 | D:2      | Found an iron altar of Okawaru.
  1065 | D:2      | Learned a level 3 spell: Mephitic Cloud
  1275 | D:2      | Found a shadowy altar of Dithmenos.
  1309 | D:2      | Reached XP level 4. HP: 25/27 MP: 7/7
  1465 | D:2      | Reached skill level 1 in Fighting
  1975 | D:3      | Reached skill level 1 in Unarmed Combat
  1984 | D:2      | Learned a level 4 spell: Olgreb's Toxic Radiance
  2319 | D:3      | Reached XP level 5. HP: 18/33 MP: 8/8
  2795 | D:3      | Found an ancient bone altar of Kikubaaqudgha.
  3148 | D:3      | Noticed an ogre
  3165 | D:3      | Killed an ogre
  3166 | D:3      | Reached skill level 4 in Stealth
  3540 | D:4      | Noticed a phantom
  3804 | D:4      | Reached skill level 1 in Conjurations
  3804 | D:4      | Reached XP level 6. HP: 21/39 MP: 10/10
  4062 | D:4      | Found a blossoming altar of Fedhas.
  4364 | D:4      | Found a hazy altar of Hepliaklqana.
  4460 | D:4      | Reached skill level 5 in Stealth
  4460 | D:4      | Reached skill level 5 in Poison Magic
  4546 | D:4      | Found Wom Taulyju's Assorted Antiques.
  4613 | D:4      | Noticed Blork the orc
  4633 | D:4      | Killed Blork the orc
  4634 | D:4      | Reached XP level 7. HP: 34/45 MP: 11/11
  5284 | D:4      | Reached skill level 1 in Short Blades
  5498 | D:4      | You fall into a shaft and drop 3 floors!
  5510 | D:7      | Reached skill level 1 in Shields
  5524 | D:7      | Reached skill level 6 in Stealth
  5682 | D:6      | Found a basalt altar of Yredelemnul.
  5714 | D:7      | Reached XP level 8. HP: 49/51 MP: 13/13
  5728 | D:7      | Found a glowing silver altar of Zin.
  5762 | D:6      | Learned a level 3 spell: Confusing Touch
  5765 | D:6      | Learned a level 2 spell: Ensorcelled Hibernation
  5953 | D:6      | Reached skill level 1 in Hexes
  5977 | D:5      | Entered Level 5 of the Dungeon
  6570 | D:5      | Reached skill level 7 in Stealth
  7395 | D:5      | Found a burning altar of Makhleb.
  7594 | D:5      | Noticed Menkaure
  7602 | D:5      | Reached skill level 5 in Dodging
  7602 | D:5      | Reached XP level 9. HP: 57/57 MP: 12/15
  7603 | D:5      | Killed Menkaure
  8080 | D:4      | Bought a glowing golden ring for 150 gold pieces
  8080 | D:4      | Bought a scroll labelled CIRORANOVVU for 30 gold pieces
  8178 | D:6      | Learned a level 3 spell: Ignite Poison
  8202 | D:6      | Found a white marble altar of Elyvilon.
  8288 | D:5      | Gained mutation: You have supernaturally acute eyesight.
                  | (SInv) [potion of mutation]
  8288 | D:5      | Lost mutation: You have supernaturally acute eyesight.
                  | (SInv) [potion of mutation]
  8288 | D:5      | Gained mutation: Your spells are a little harder to cast,
                  | but a little more powerful. [potion of mutation]
  9064 | D:6      | Reached skill level 8 in Stealth
  9806 | D:7      | Found a staircase to the Ecumenical Temple.
  9815 | Temple   | Entered the Ecumenical Temple
  9838 | Temple   | Became a worshipper of Sif Muna the Loreminder
 10931 | D:8      | Found an ornate altar of the Wu Jian Council.
 10995 | D:8      | Found a snail-covered altar of Cheibriados.
 11127 | D:8      | Reached * piety under Sif Muna
 11329 | D:8      | Noticed a +0 dagger
 11330 | D:8      | Noticed a +0 hand axe
 11331 | D:8      | Found a hide-covered altar of Uskayaw.
 12167 | D:8      | Found a transporter.
 12251 | D:9      | Reached XP level 10. HP: 64/64 MP: 16/16
 12527 | D:8      | Found a radiant altar of Vehumet.
 12527 | D:8      | Found a sparkling altar of Nemelex Xobeh.
 12653 | D:8      | Noticed kutty's ghost (novice MiMo)
 12672 | D:8      | Found a transporter.
 13231 | D:9      | Found Konom's Distillery.
 13239 | D:9      | Bought a potion of heal wounds for 65 gold pieces
 13239 | D:9      | Bought a potion of heal wounds for 65 gold pieces
 14045 | D:9      | Reached skill level 9 in Stealth
 14263 | D:9      | Noticed a two-headed ogre
 14317 | D:9      | Reached skill level 5 in Spellcasting
 14344 | D:9      | Killed a two-headed ogre
 14345 | D:9      | Reached skill level 5 in Fighting
 14345 | D:9      | Reached skill level 5 in Hexes
 14722 | D:9      | Reached ** piety under Sif Muna
 14993 | D:10     | Entered Level 10 of the Dungeon
 15052 | D:10     | Got a pair of heavily runed gloves
 15053 | D:10     | Identified the cursed +0 pair of gloves "Earthly Heaven"
                  | {rF+ MP+9} (You found it on level 10 of the Dungeon)
 15171 | D:10     | HP: 3/66 [yak (14)]
 15479 | D:10     | Reached XP level 11. HP: 72/72 MP: 4/19
 16167 | D:10     | Found a burning altar of Makhleb.
 16945 | D:10     | Found Geahaf's Antique Armour Shoppe.
 16966 | D:10     | Learned a level 3 spell: Spider Form
 17461 | D:11     | Found a runed translucent gate.
 17461 | D:11     | Found a runed translucent gate.
 17462 | D:11     | Found a runed translucent gate.
 17464 | D:11     | Noticed UristMcRaven's ghost (journeyman OpEE)
 17476 | D:11     | Killed from afar by UristMcRaven's ghost

Illustrated notes

Levels and vault maps discovered:
D:1:      enne_arrival_octagon_isle, layout_rooms, minmay_split_cup_large
D:2:      layout_basic, general_overflow_altar, okawaru_ov_weapons_minmay,
          chequers_ecumenical_altar_simple
D:3:      layout_basic, lemuel_round_altar
D:4:      layout_gridville, kennysheep_mini_moat, serial_shops, shop,
          minivault_25, minmay_misc_feat_tower, fedhas_bush_and_centaur_altar,
          uniq_blork_the_orc
D:5:      layout_layer_cave, makhleb_heckhound_becter, uniq_menkaure
D:6:      layout_loops_cross, nicolae_overflow_hidden_temple, kennysheep_path_1,
          elyvilon_altar_3
D:7:      layout_loops_cross, zin_statuary, temple_hall
D:8:      wad_cavern_with_rooms, layout_loops_ring, lemuel_doored_altar,
          lemuel_crystal_altar, dancing_weapons_uskayaw,
          gammafunk_temple_overflow_wave, gammafunk_ghost_arena
D:9:      layout_basic, serial_corexii_hall, corexii_hall_statues_x,
          corexii_hall_statues_i, serial_shops, shop, minmay_unpleasant_kobolds
D:10:     layout_layer_cave, basic_altar, serial_shops, nicolae_shop_statue_plus
D:11:     minmay_curly_fans, layout_basic, dpeg_oklobed_lair, orc_david_3,
          ebering_ghost_rock_garden, hex_tiny, grunt_ashenzari_visionary
          [grunt_ashenzari_visionary_shoals, grunt_ashenzari_visionary_snake]
Temple:   nicolae_temple_figure_zero

Skill      XL: |  1  2  3  4  5  6  7  8  9 10 |
---------------+-------------------------------+-----
Poison Magic   | 4 5 6 7 |  7.7
Stealth        | 3 4 5 6 7 8 9 |  9.8
Fighting       | 1 2 3 4 5 |  5.5
Unarmed Combat | 1 |  1.0
Dodging        | 3 4 5 6 7 |  7.9
Conjurations   | 1 2 |  2.2
Spellcasting   | 3 4 5 |  5.5
Short Blades   | 1 2 3 4 |  4.6
Shields        | 1 2 4 |  4.0
Hexes          | 2 4 5 |  5.6
Transmutations | |  1.2

Action                   |  1- 3 |  4- 6 |  7- 9 | 10-12 || total
-------------------------+-------+-------+-------+-------++-------
Melee: Hand axe          |     9 |     3 |       |       ||    12
       Constrict         |     3 |     8 |    35 |    33 ||    79
       Rapier            |       |    24 |   187 |   165 ||   376
       Tentacles         |       |     6 |    30 |    39 ||    75
       Punch             |       |       |     3 |       ||     3
       Great sword       |       |       |       |    20 ||    20
Throw: Boomerang         |       |     2 |       |       ||     2
       Dart              |       |     4 |     1 |       ||     5
 Cast: Sting             |    61 |    50 |    15 |       ||   126
       Olgreb's Toxic Ra |       |    10 |    16 |    23 ||    49
       Mephitic Cloud    |       |     3 |     6 |     4 ||    13
       Confusing Touch   |       |       |     6 |    13 ||    19
       Ignite Poison     |       |       |     1 |     6 ||     7
       Spider Form       |       |       |       |     2 ||     2
 Abil: Evoke Flight      |       |       |     1 |     1 ||     2
Evoke: Wand              |       |       |    10 |     4 ||    14
       Lightning rod     |       |       |       |     1 ||     1
  Use: Scroll            |     2 |       |    12 |     9 ||    23
       Potion            |       |       |     6 |       ||     6
 Stab: Sleeping          |       |     4 |    15 |     7 ||    26
       Confused          |       |     1 |     5 |     8 ||    14
       Distracted        |       |       |     2 |       ||     2
Armor: Skin              |     4 |     1 |     6 |     3 ||    14
Dodge: Dodged            |    37 |    43 |   122 |   147 ||   349
Block: Buckler           |       |       |    11 |    47 ||    58
       Rpst.: Great sword |       |       |       |     1 ||     1

Table legend: (Time is in decaauts)
 A = Elapsed time spent in this place.
 B = Non-inter-level travel time spent in this place.
 C = Inter-level travel time spent in this place.
 D = Time resting spent in this place.
 E = Time spent auto-exploring this place.
 F = Levels seen in this place.
 G = Mean time per level.
                   A        B        C        D        E       F      G
               +--------+--------+--------+--------+--------+-----+--------+
         Total |  17527 |  17269 |    258 |   6369 |   6589 |  12 | 1460.6 |
       Dungeon |  17493 |  17235 |    258 |   6369 |   6589 |  11 | 1590.3 |
        Temple |     33 |     33 |      0 |      0 |      0 |   1 |   33.0 |
               +--------+--------+--------+--------+--------+-----+--------+

Top non-repeatable levels by time:
     D:9: 2883 daAuts
     D:4: 2201 daAuts
     D:6: 2195 daAuts
    D:10: 1998 daAuts
     D:3: 1941 daAuts
     D:8: 1585 daAuts
     D:5: 1578 daAuts
     D:2: 1246 daAuts
     D:7: 1031 daAuts
     D:1: 732 daAuts
    D:11: 98 daAuts
  Temple: 33 daAuts
